[Event "110th Anniversary Open 2020"]
[Site "Hilleroed"]
[Date "2020.02.13"]
[Round "7.10"]
[White "Petersen, Peter Birk"]
[Black "Holm, Henrik"]
[Result "1-0"]
[ECO "B01"]
[WhiteElo "2117"]
[BlackElo "1802"]
[Annotator "ChessBase"]
[PlyCount "95"]
[EventDate "2020.02.08"]
[EventType "swiss"]
[EventCountry "DEN"]
[SourceTitle "playchess.com"]
[Source "ChessBase"]
[SourceQuality "1"]
[TimeControl "40/5400+30:1800+30"]

1. e4 d5 2. exd5 Nf6 3. d4 Nxd5 4. c4 Nb4 5. a3 N4c6 6. d5 Ne5 7. Nc3 Nbd7 8. Be3 Nf6 9. Bd4 Ng6 10. Nf3 e6 11. Qb3 b6 12. O-O-O Bd6 13. c5 bxc5 14. Bb5+ Bd7 15. dxe6 cxd4 16. exd7+ Kf8 17. Nxd4 Ne5 18. Nf5 Nexd7 19. Nxd6 cxd6 20. Rxd6 Qc7 21. Rhd1 Rb8 22. Qc2 Nb6 23. Kb1 Ne8 24. Bxe8 Rxe8 25. Qf5 g6 26. Qf6 Rg8 27. Nb5 Qe7 28. Nxa7 Qxf6 29. Rxf6 Nc4 30. Rf4 Na5 31. Nb5 Re7 32. Ra4 Nc6 33. Ra8+ Kg7 34. Rxg8+ Kxg8 35. Kc2 Re5 36. Nc3 Rf5 37. f3 h5 38. b4 h4 39. h3 Kg7 40. Ne4 Ne5 41. Kc3 f6 42. a4 g5 43. Nd6 Rf4 44. Rd4 Ng6 45. a5 g4 46. Rxf4 gxh3 47. gxh3 Nxf4 48. Nf5+ 1-0